 Dungeon Crawl Stone Soup version 0.27.1-3-gb3d3a73c9e (webtiles) character file.

Game seed: 10745759668103186619

3605 Descartes the Covert (level 9, -8/67 (73) HPs)
             Began as a Deep Elf Wanderer on Oct 12, 2021.
             Was an Initiate of Gozag.
             Mangled by a wight (9 damage)
             ... on level 8 of the Dungeon.
             The game lasted 00:11:42 (7875 turns).

Descartes the Covert (Deep Elf Wanderer)            Turns: 7875, Time: 00:11:42

HP:   -8/67 (73)    AC: 28    Str: 10    XL:     9   Next: 86%
MP:   18/18         EV:  2    Int: 19    God:    Gozag
Gold: 578           SH:  5    Dex: 15    Spells: 15/18 levels left

rFire    . . .     SeeInvis .   A - +2 dagger (vamp)
rCold    . . .     Faith    .   C - +0 buckler
rNeg     + + +     Spirit   .   (armour currently unavailable)
rPois    +         Reflect  .   (helmet currently unavailable)
rElec    .         Harm     .   (cloak currently unavailable)
rCorr    .         Rampage  .   (gloves currently unavailable)
Will     .....     NoTele   +   (boots currently unavailable)
Stlth    +++++.....             (no amulet)
HPRegen  0.21/turn              a - +4 ring of evasion
MPRegen  0.16/turn              v - +4 ring of protection

@: tree-form (expiring), drained
A: stationary, stasis, torment immunity, boosted hp
a: Renounce Religion, Potion Petition, Call Merchant, Bribe Branch


You were on level 8 of the Dungeon.
You worshipped Gozag.
Gozag was pleased with you.
You were a tree.
You visited 2 branches of the dungeon, and saw 9 of its levels.

You collected 627 gold pieces.
You paid 49 gold pieces to Gozag.

Inventory:

Hand Weapons
 i - a +2 dagger of draining
 q - a +2 quarterstaff of chaos
 A - a +2 vampiric dagger (weapon)
 G - the +2 flail of the Mind {vorpal, Dex+5}
   (You found it on level 6 of the Dungeon)

   It inflicts extra damage upon your enemies.
   Dex:       It affects your dexterity (+5).
Missiles
 j - 93 arrows
 l - 146 stones (quivered)
 w - 32 poisoned darts
 H - 3 throwing nets
 J - 4 boomerangs
Armour
 k - a +0 leather armour (melded)
 r - a +1 cloak (melded)
 C - a +0 buckler (worn)
 F - a +0 pair of boots (melded)
Jewellery
 a - a +4 ring of evasion (left branch)
 v - a +4 ring of protection (right branch)
 D - a +6 ring of dexterity
Wands
 K - a wand of digging (6)
 L - a wand of polymorph (8)
Scrolls
 e - a scroll of brand weapon {unknown}
 f - 2 scrolls of blinking
 g - 2 scrolls of vulnerability {unknown}
 h - a scroll of holy word {unknown}
 o - 2 scrolls of noise {unknown}
 p - a scroll of fog {unknown}
 u - 6 scrolls of identify {unknown}
 x - a scroll of immolation {unknown}
 y - 3 scrolls of teleportation {unknown}
 z - a scroll of enchant armour {unknown}
 B - 2 scrolls of amnesia {unknown}
 I - a scroll of acquirement {unknown}
Potions
 d - 3 potions of lignification
 m - a potion of flight {unknown}
 n - a potion of resistance {unknown}
 s - a potion of berserk rage {unknown}
 t - 2 potions of haste {unknown}
 E - a potion of attraction {unknown}


   Skills:
 - Level 2.4 Fighting
 - Level 2.0 Short Blades
 + Level 9.7 Dodging
 + Level 10.6 Stealth
 - Level 4.0 Shields
 - Level 1.0 Unarmed Combat
 - Level 5.0 Spellcasting
 + Level 5.5 Conjurations
 - Level 1.1 Transmutations


You had 15 spell levels left.
You knew the following spells:

 Your Spells              Type           Power      Damage    Failure   Level
a - Magic Dart            Conj           100%       1d8       1%          1
b - Searing Ray           Conj           50%        3d5       1%          2

Your spell library contained the following spells:

 Spells                   Type           Power      Damage    Failure   Level
 Ozocubu's Armour         Ice            4%         N/A       36%         3
 Fulminant Prism          Conj/Hex       7%         3d7       36%         4
 Ozocubu's Refrigeration  Ice            2%         4d5       100%        7


Dungeon Overview and Level Annotations

Branches:
Dungeon (8/15)             Temple (1/1) D:5
   Lair: D:8-11

Altars:
Ashenzari
Cheibriados
Dithmenos
Elyvilon
Gozag
Hepliaklqana
Kikubaaqudgha
Makhleb
Nemelex Xobeh
Okawaru
Qazlal
Ru
Sif Muna
Trog
Uskayaw
Vehumet
Wu Jian
Xom
Zin
The Shining One

Shops:
D:4 :   D:6 =


Message History

* * * LOW HITPOINT WARNING * * *
Really quaff the potion of lignification?
You turn into a tree.
Your +1 cloak melds into your body.
Your +0 pair of boots melds into your body.
Your +0 leather armour melds into your body.
Your roots penetrate the ground.
You block the wight's attack.
You hit the wight.
You destroy the wight!
You hit the wight but do no damage. The wight barely misses you.
You hit the wight.
The wight is lightly damaged.
The wight hits you with a +0 scimitar!
* * * LOW HITPOINT WARNING * * *
You hit the wight.
The wight is lightly damaged.
The wight hits you with a +0 scimitar.
* * * LOW HITPOINT WARNING * * *
Okay, then.
You hit the wight but do no damage.
The wight is lightly damaged.
You hit the wight.
The wight is moderately damaged.
The wight hits you with a +0 scimitar.
* * * LOW HITPOINT WARNING * * *
You hit the wight.
The wight is heavily damaged.
The wight hits you but does no damage.
You hit the wight but do no damage.
The wight is heavily damaged.
The wight hits you with a +0 scimitar.
* * * LOW HITPOINT WARNING * * *
You hit the wight.
The wight is almost destroyed.
The wight hits you but does no damage.
You closely miss the wight.
The wight is almost destroyed.
Your transformation is almost over.
The wight hits you with a +0 scimitar!
You die...
Your body crumbles into a pile of gold.

.............#.......#.........
.........##.#####...........
.........##### ##...........
.........#...# #.......#...
.######....#..##.##..#..... #
###.##.##..#.#..##....8
#.#..#.# #.....## .....
#.<....# ##...## #...
8.8...#..#.+ ##♣## ...
......#..#.# #z# 8.8...#.##
##...'...# .....##.. ##.....##
8.... ... ##.⌠.## ..... [.#.
##.## 8.... #### #+#


You could see a wight.

Vanquished Creatures
  Harold (D:7)
  Pikel (D:4)
  Grinder (D:3)
  Sigmund (D:3)
  A wyvern (D:8)
  A steam dragon (D:8)
  Duvessa (D:6)
  An ice beast (D:6)
  An orc warrior (D:4)
  2 sky beasts (D:6)
  A necrophage (D:6)
  3 ogres
  A phantom (D:6)
  2 bullfrogs
  A scorpion (D:5)
  Dowan (D:6)
  2 wights (D:8)
  A howler monkey (D:6)
  A centaur zombie (D:7)
  5 hounds
  Crazy Yiuf (D:2)
  A bullfrog skeleton (D:7)
  Jessica (D:3)
  3 orc wizards
  2 iguanas
  2 killer bee zombies
  A hound skeleton (D:4)
  3 adders
  3 gnolls (D:6)
  An ufetubus (D:5)
  3 adder skeletons
  3 worms
  11 orcs
  6 ball pythons
  9 bats
  5 endoplasms
  2 giant cockroaches
  4 goblins
  5 hobgoblins
  2 jackals (D:1)
  2 quokkas
  A frilled lizard (D:1)
  2 kobolds
  12 rats
114 creatures vanquished.

Notes
Turn   | Place    | Note
-------+----------+-------------------------------------------
     0 | D:1      | Descartes the Deep Elf Wanderer began the quest for the
                  | Orb.
     0 | D:1      | Descartes set off with the following items: a +0 dagger, a
                  | potion of heal wounds, a potion of curing, a potion of
                  | lignification, a +0 robe, a scroll of blinking
     0 | D:1      | Reached XP level 1. HP: 13/13 MP: 5/5
   441 | D:1      | Reached skill level 3 in Stealth
   456 | D:1      | Reached XP level 2. HP: 18/18 MP: 6/6
  1238 | D:2      | Reached XP level 3. HP: 22/22 MP: 7/7
  1282 | D:2      | Reached skill level 1 in Short Blades
  1910 | D:2      | Found a runed translucent door.
  1911 | D:2      | Noticed Crazy Yiuf
  1953 | D:2      | Killed Crazy Yiuf
  1954 | D:2      | Reached skill level 4 in Stealth
  1954 | D:2      | Reached XP level 4. HP: 10/27 MP: 8/8
  2451 | D:3      | Noticed Jessica
  2460 | D:3      | Killed Jessica
  2624 | D:3      | Noticed Sigmund
  2640 | D:3      | Killed Sigmund
  2641 | D:3      | Reached skill level 5 in Stealth
  2641 | D:3      | Reached XP level 5. HP: 18/31 MP: 9/9
  2641 | D:3      | Reached XP level 6. HP: 21/36 MP: 10/10
  2768 | D:3      | Noticed Grinder
  2769 | D:3      | Found a broken altar of Ashenzari.
  2791 | D:3      | Killed Grinder
  2792 | D:3      | Reached skill level 5 in Dodging
  2792 | D:3      | Reached skill level 6 in Stealth
  3105 | D:4      | Found an ornate altar of the Wu Jian Council.
  3186 | D:4      | Found Zos Qaetuegu's Self-Improvement Boutique.
  3206 | D:4      | Found a glowing silver altar of Zin.
  3318 | D:4      | Noticed Pikel
  3346 | D:4      | Killed Pikel
  3347 | D:4      | Reached skill level 8 in Stealth
  3347 | D:4      | Reached XP level 7. HP: 8/40 MP: 11/11
  3350 | D:4      | HP: 2/40 [worm (7)]
  3924 | D:4      | Found a sparkling altar of Nemelex Xobeh.
  4142 | D:5      | Entered Level 5 of the Dungeon
  4309 | D:4      | Reached XP level 8. HP: 14/45 MP: 11/13
  4720 | D:5      | Found a staircase to the Ecumenical Temple.
  4737 | Temple   | Entered the Ecumenical Temple
  4926 | Temple   | Became a worshipper of Gozag Ym Sagoz the Greedy
  5126 | D:5      | Reached skill level 1 in Shields
  5474 | D:5      | Reached skill level 9 in Stealth
  5604 | D:6      | Found Fyifucaa's Jewellery Shop.
  5788 | D:6      | Noticed Duvessa
  5794 | D:6      | Noticed Dowan
  5819 | D:6      | Killed Duvessa
  5830 | D:6      | Killed Dowan
  5965 | D:6      | Reached XP level 9. HP: 47/49 MP: 17/17
  6006 | D:6      | Identified the +2 flail of the Mind {vorpal, Dex+5}
  6558 | D:7      | Noticed Harold
  6587 | D:7      | Killed Harold
  6588 | D:7      | Reached skill level 10 in Stealth
  6588 | D:7      | Reached skill level 5 in Spellcasting
  7276 | D:7      | Reached skill level 5 in Conjurations
  7503 | D:7      | Learned a level 1 spell: Magic Dart
  7506 | D:7      | Learned a level 2 spell: Searing Ray
  7873 | D:8      | HP: 1/67 [wight (5)]
  7875 | D:8      | Mangled by a wight

Illustrated notes

Levels and vault maps discovered:
D:1:      lightli_arrival_windingriver, layout_loops_corners,
          minmay_pentomino_q2
D:2:      layout_loops_ring, uniq_crazy_yiuf_cottage
D:3:      layout_rooms, mainiacjoe_overflow_tiny_flanked, uniq_grinder,
          uniq_sigmund, uniq_jessica
D:4:      layout_loops_ring, nemelex_spade_bored_becter,
          nicolae_wu_jian_immortal_techniques, mainiacjoe_overflow_alcove_2,
          nicolae_shop_self_help, uniq_pikel
D:5:      layout_basic, minmay_temple_entry_drinking_statues
D:6:      layout_loops_ring, serial_shops, nicolae_stop_n_shop_2, uniq_duvessa
D:7:      layout_cave_pools, uniq_harold
D:8:      layout_cave_pools, serial_column_ruins, column_ruins_courtyard_long,
          column_ruins_hut_pillars, column_ruins_corridor_straight,
          column_ruins_corridor_T, column_ruins_columns_straight,
          grunt_decor_arrowhead
Temple:   eino_temple_rhombus

Skill      XL: |  1  2  3  4  5  6  7  8  9 |
---------------+----------------------------+-----
Dodging        | 2 3 4 7 8 9 |  9.7
Stealth        | 3 4 5 8 9 10 | 10.6
Short Blades   | 1 2 |  2.0
Spellcasting   | 2 4 5 |  5.0
Shields        | 2 4 |  4.0
Conjurations   | 3 5 |  5.5
Fighting       | |  2.4
Unarmed Combat | |  1.0
Transmutations | |  1.1

Action                   |  1- 3 |  4- 6 |  7- 9 || total
-------------------------+-------+-------+-------++-------
Melee: Dagger            |    73 |   109 |   512 ||   694
       Punch             |       |       |     1 ||     1
  Use: Potion            |       |       |     5 ||     5
 Stab: Sleeping          |    12 |     2 |    10 ||    24
       Distracted        |       |       |     2 ||     2
Armor: Robe              |     9 |       |       ||     9
       Leather armour    |     2 |    30 |    82 ||   114
       Skin              |       |       |     2 ||     2
Dodge: Dodged            |    34 |    79 |   326 ||   439
Block: Buckler           |       |       |    72 ||    72
